[Event "Titled Tuesday Blitz February 21 Early 2023"]
[White "Begunov, Konstantin"]
[Black "Rose, Felix"]
[WhiteFideId "4118510"]
[BlackFideId "5105722"]
[WhiteElo "2325"]
[BlackElo "2091"]
[Result "0-1"]
[Round "05"]
[TimeControl "180+2"]
[Date "2023.02.21"]
[WhiteClock "0:00:10"]
[BlackClock "0:00:47"]

1. d4 Nf6 2. c4 e6 3. Nf3 d5 4. Nc3 Nbd7 5. cxd5 exd5 6. Bg5 c6 7. e3 Be7 8. Bd3 h6 9. Bh4 Nh5 10. Bxe7 Qxe7 11. Qc2 Nf4 12. Bf1 O-O 13. O-O-O Ne6 14. Bd3 b5 15. Kb1 Nb6 16. Ne5 Bb7 17. f4 Nc4 18. Rde1 a5 19. g4 a4 20. Nd1 Qb4 21. Ka1 c5 22. f5 Ng5 23. Nd7 Nf3 24. Re2 cxd4 25. Nxf8 Qxf8 26. Rf1 Ng5 27. exd4 b4 28. Bxc4 dxc4 29. Qxc4 b3 30. Rfe1 Ba6 31. Qc5 Bxe2 32. Qxf8+ Kxf8 33. Rxe2 bxa2 34. Kxa2 Rd8 35. Rd2 Nf3 36. Rd3 Nxd4 37. Nc3 a3 38. bxa3 f6 39. Nb5 Nc6 40. Rxd8+ Nxd8 41. a4 Ke7 42. Kb3 Kd7 43. Kc4 Kc6 44. Nd4+ Kb6 45. Ne6 Nf7 46. Kd5 Ne5 47. h3 Nf3 48. Nxg7 Ng5 0-1


[Site "https://www.chess.com"]

[Event "Titled Tuesday Blitz February 21 Early 2023"]
[White "Avazkhonov, Alikhon"]
[Black "Kuchava, Ana"]
[WhiteFideId "14208504"]
[BlackFideId "13605348"]
[WhiteElo "1538"]
[BlackElo "2101"]
[Result "1-0"]
[Round "05"]
[TimeControl "180+2"]
[Date "2023.02.21"]
[WhiteClock "0:00:06"]
[BlackClock "0:00:20"]

1. d4 d5 2. c4 e6 3. Nc3 Be7 4. Nf3 Nf6 5. cxd5 exd5 6. Bg5 c6 7. e3 Bf5 8. Bd3 Bxd3 9. Qxd3 O-O 10. O-O h6 11. Bh4 Nbd7 12. Rab1 a5 13. a3 Re8 14. h3 Ne4 15. Nxe4 Bxh4 16. Nd6 Re6 17. Nxb7 Qe7 18. Rfc1 Bf6 19. Nc5 Nxc5 20. Rxc5 Qb7 21. Qc3 a4 22. Rc1 Ra6 23. Qc2 Qb6 24. Ne1 Be7 25. Rc3 Qb5 26. Nd3 Rg6 27. Ne5 Re6 28. Nxc6 Bd6 29. Nd8 Re8 30. Nc6 g6 31. Qd3 Qxd3 32. Rxd3 Rb6 33. Rc2 Kg7 34. Rdc3 Rc8 35. Na5 Rcb8 36. Rc6 Rxc6 37. Nxc6 Rb3 38. Kf1 f5 39. Ke2 Kf6 40. f4 g5 41. g3 gxf4 42. gxf4 Rb7 43. Ne5 Rg7 44. Kf3 Ke6 45. Rg2 Rxg2 46. Kxg2 Bc7 47. Kf3 Ba5 48. Ke2 h5 49. Nd3 Bb6 50. Nc5+ Kd6 51. Nxa4 Ba5 52. b4 Kc6 53. bxa5 Kb5 54. Nc5 1-0


[Site "https://www.chess.com"]

[Event "Titled Tuesday Blitz February 21 Early 2023"]
[White "lisjakzlatko1"]
[Black "Delgado Rosas, Fatima Alexandra"]
[BlackFideId "6603963"]
[WhiteElo "2162"]
[BlackElo "1500"]
[Result "1-0"]
[Round "05"]
[TimeControl "180+2"]
[Date "2023.02.21"]
[WhiteClock "0:01:10"]
[BlackClock "0:02:18"]

1. e4 Nc6 2. Nc3 d5 3. Nxd5 Nf6 4. Nxf6+ gxf6 5. Nf3 e5 6. Bc4 Bg4 7. h3 Bh5 8. d3 Rg8 9. g4 Bg6 10. Nh4 Bc5 11. Be3 Bxe3 12. fxe3 f5 13. Nxf5 Bxf5 14. exf5 Qh4+ 15. Ke2 h5 16. Qe1 Qg5 17. Rg1 O-O-O 18. Bxf7 hxg4 19. Rxg4 Qh5 20. Bxh5 1-0


[Site "https://www.chess.com"]

[Event "Titled Tuesday Blitz February 21 Early 2023"]
[White "Martin Barcelo, Carles"]
[Black "Kiseljova, Marya"]
[WhiteFideId "24561444"]
[BlackFideId "4155009"]
[WhiteElo "2221"]
[BlackElo "2031"]
[Result "1-0"]
[Round "05"]
[TimeControl "180+2"]
[Date "2023.02.21"]
[WhiteClock "0:00:12"]
[BlackClock "0:00:23"]

1. g3 d5 2. Bg2 Nf6 3. Nf3 Nbd7 4. d4 e6 5. O-O Be7 6. c4 dxc4 7. Nbd2 Nb6 8. Qc2 O-O 9. Nxc4 Bd7 10. Nfe5 Nbd5 11. a3 c5 12. dxc5 Bxc5 13. b4 Bd4 14. Bb2 Bxb2 15. Qxb2 Qe7 16. Rac1 Ba4 17. Na5 Rac8 18. Rxc8 Rxc8 19. Rc1 Rxc1+ 20. Qxc1 b6 21. Qc8+ Qe8 22. Qxe8+ Bxe8 23. Nac6 a6 24. Bf1 Nd7 25. e4 Nxe5 26. Nxe5 Nc3 27. Bxa6 Nxe4 28. Bb7 Nd6 29. Ba6 Kf8 30. f3 Ke7 31. Kf2 f6 32. Nc4 Nxc4 33. Bxc4 b5 34. Bd3 Kd6 35. Ke3 h6 36. f4 e5 37. h3 exf4+ 38. Kxf4 Kd5 39. Kf5 Kd4 40. Be2 Kc3 41. Ke6 Kb3 42. Ke7 Bc6 43. Kd6 Bg2 44. Bxb5 Kxa3 45. Kc5 Bxh3 46. Bc6 Bf1 47. b5 g5 48. b6 Ba6 49. Bb5 Bb7 50. Bc6 Bc8 51. Kd6 Ba6 52. Ke6 h5 53. Kxf6 h4 54. g4 h3 55. b7 Bxb7 56. Bxb7 Ka4 57. Kxg5 Kb5 58. Bh1 Kc5 59. Kh4 Kd6 60. Kxh3 Ke7 61. Kg3 Kf6 62. Bf3 Kg5 63. Be2 Kg6 64. Kf4 Kg7 65. g5 Kg6 66. Kg4 Kg7 67. Kf5 Kh7 68. g6+ Kg7 69. Kg5 Kg8 70. Kf6 Kh8 71. g7+ Kh7 72. Bd3+ Kg8 73. Bc4+ Kh7 74. g8=Q+ Kh6 75. Qg5+ Kh7 76. Qg6+ Kh8 77. Qg7# 1-0


[Site "https://www.chess.com"]

[Event "Titled Tuesday Blitz February 21 Early 2023"]
[White "Shtompel, Yuriy"]
[Black "babbilator"]
[WhiteFideId "14168278"]
[WhiteElo "1938"]
[BlackElo "2129"]
[Result "1-0"]
[Round "05"]
[TimeControl "180+2"]
[Date "2023.02.21"]
[WhiteClock "0:00:05"]
[BlackClock "0:00:04"]

1. e4 c5 2. Nf3 e6 3. d4 cxd4 4. Nxd4 Nc6 5. Nc3 Qc7 6. Be3 a6 7. g4 b5 8. Nxc6 Qxc6 9. Qd2 b4 10. Ne2 Qxe4 11. Rg1 Qc4 12. Nf4 Qc7 13. O-O-O Nf6 14. Bg2 Bb7 15. g5 Ne4 16. Qe2 Be7 17. Nh5 Rg8 18. Bf4 Qc6 19. Rge1 d5 20. h4 O-O-O 21. Be5 g6 22. Nf4 a5 23. Kb1 Qb6 24. Nd3 Rge8 25. Nc1 Ba6 26. Qf3 Qxf2 27. Qh3 Qb6 28. Nb3 Nc5 29. Bd4 Qc6 30. Nxa5 Qb5 31. Nb3 Nxb3 32. cxb3 Bc5 33. Bxc5 Kb7 34. Bd4 Rc8 35. Ka1 Rc6 36. Rc1 Rec8 37. Rxc6 Qxc6 38. Qe3 Qc2 39. Bf1 Bxf1 40. Rxf1 e5 41. Rxf7+ Kb8 42. Bxe5+ Ka8 43. Rf1 d4 44. Bxd4 1-0


[Site "https://www.chess.com"]

[Event "Titled Tuesday Blitz February 21 Early 2023"]
[White "Osuna Vega, Enrique"]
[Black "Koridze, Lile"]
[WhiteFideId "2219549"]
[BlackFideId "13612514"]
[WhiteElo "2061"]
[BlackElo "2191"]
[Result "0-1"]
[Round "05"]
[TimeControl "180+2"]
[Date "2023.02.21"]
[WhiteClock "0:00:02"]
[BlackClock "0:01:03"]

1. e4 c5 2. Nf3 d6 3. d4 cxd4 4. Nxd4 Nf6 5. f3 a6 6. c4 e5 7. Nc2 Be7 8. Nc3 O-O 9. Be3 Be6 10. Be2 Nbd7 11. O-O a5 12. Na3 Nc5 13. Nab5 b6 14. b3 Ne8 15. Qd2 Nc7 16. Rfd1 Ne8 17. Rac1 f5 18. Bxc5 bxc5 19. Nd5 Bg5 20. f4 exf4 21. Nxf4 fxe4 22. Nxe6 Bxd2 23. Nxd8 Be3+ 24. Kh1 Rxd8 25. Rb1 Rf2 26. Bg4 Rxa2 27. Ra1 Rxa1 28. Rxa1 Bd2 29. Kg1 Nf6 30. Be6+ Kf8 31. Kf1 d5 32. cxd5 Nxd5 33. Bxd5 Rxd5 34. Ke2 Bb4 35. Rd1 Rxd1 36. Kxd1 Ke7 37. Ke2 Kf6 38. Ke3 Ke5 0-1


[Site "https://www.chess.com"]

[Event "Titled Tuesday Blitz February 21 Early 2023"]
[White "Lucassen, Mickey"]
[Black "Bongo Akanga Ndjila, Barthelemy"]
[WhiteFideId "12919110"]
[BlackFideId "10609431"]
[WhiteElo "2023"]
[BlackElo "1824"]
[Result "1-0"]
[Round "05"]
[TimeControl "180+2"]
[Date "2023.02.21"]
[WhiteClock "0:00:15"]
[BlackClock "0:00:01"]

1. d4 d5 2. Bf4 e6 3. e3 Nf6 4. Nf3 Bd6 5. Bg3 O-O 6. Bd3 c5 7. c3 Qc7 8. O-O Nbd7 9. Nbd2 e5 10. dxe5 Nxe5 11. Nxe5 Bxe5 12. Bxe5 Qxe5 13. Nf3 Qe7 14. h3 b6 15. Qc2 a5 16. a4 Ba6 17. Rad1 Bxd3 18. Qxd3 Rfd8 19. Qb5 Qd6 20. c4 Qe6 21. cxd5 Rxd5 22. Rxd5 Nxd5 23. Rd1 Nb4 24. Qd7 Qxd7 25. Rxd7 Rb8 26. Ne5 f6 27. Nc4 h5 28. Rd6 Kf7 29. Rxb6 Rxb6 30. Nxb6 Nd3 31. Nc4 Ke6 32. b3 Kd5 33. Nxa5 g5 34. Kf1 f5 35. Ke2 Nb4 36. Nc4 Nc6 37. a5 Na7 38. Kd3 Nb5 39. f3 h4 40. e4+ fxe4+ 41. fxe4+ Ke6 42. Nb6 Ke5 43. Kc4 Nd6+ 44. Kxc5 Nxe4+ 45. Kc6 Kf4 46. a6 Kg3 47. a7 Kxg2 48. a8=Q Kxh3 49. Kd5 g4 50. Kxe4 g3 51. Kf3 g2 52. Qg8 g1=Q 53. Qe6+ Kh2 54. Qe2+ Kh1 55. Nd5 Qg3+ 56. Ke4 Qg6+ 57. Kf3 Qh5+ 58. Kf2 Qxd5 59. Qf1+ Kh2 60. Qc4 Qf5+ 61. Ke3 Qg5+ 62. Kf2 Qg1+ 63. Ke2 Qg2+ 64. Ke1 h3 65. b4 Kg1 66. Qd4+ Kh1 67. b5 Qg3+ 68. Kd2 1-0


[Site "https://www.chess.com"]

[Event "Titled Tuesday Blitz February 21 Early 2023"]
[White "Fajdetic, Hrvoje"]
[Black "Matveeva, Olga"]
[WhiteFideId "14501945"]
[BlackFideId "24107018"]
[WhiteElo "2151"]
[BlackElo "2128"]
[Result "1/2-1/2"]
[Round "05"]
[TimeControl "180+2"]
[Date "2023.02.21"]
[WhiteClock "0:00:09"]
[BlackClock "0:00:02"]

1. f4 d5 2. Nf3 Nf6 3. e3 c5 4. b3 Nc6 5. Bb5 Bd7 6. Bb2 g6 7. O-O Bg7 8. d3 O-O 9. Nbd2 a6 10. Bxc6 Bxc6 11. Qe1 Nd7 12. Bxg7 Kxg7 13. e4 dxe4 14. dxe4 b5 15. c4 Qc7 16. e5 f6 17. Rd1 fxe5 18. Nxe5 Nxe5 19. Qxe5+ Qxe5 20. fxe5 Rxf1+ 21. Nxf1 Kf7 22. cxb5 axb5 23. Rd2 Ke6 24. Rc2 c4 25. Ne3 Be4 26. Rc1 Rxa2 27. bxc4 Re2 28. Rc3 bxc4 29. Kf1 Bd3 30. Nxc4 Bxc4 31. Rxc4 Rxe5 32. Kf2 Kf5 33. Rc8 h5 34. Rf8+ Kg5 35. Re8 h4 36. Kf3 Rf5+ 37. Ke3 Re5+ 38. Kf3 Re1 39. Kf2 Re6 40. Kf3 Rf6+ 41. Ke3 Re6+ 42. Kf3 Kf6 43. Rh8 g5 44. Kg4 Re4+ 45. Kf3 Ra4 46. Rf8+ Kg7 47. Re8 Kf7 48. Rh8 e5 49. Rh6 Rf4+ 50. Ke3 Kg7 51. Re6 e4 52. g3 hxg3 53. hxg3 Rf3+ 54. Kxe4 Rxg3 55. Ra6 Rg1 56. Ke3 g4 57. Kf2 Rb1 58. Kg3 Rb4 59. Kh4 Kf7 60. Rc6 Ke7 61. Ra6 Kf7 62. Rc6 Ke7 63. Rh6 Kf7 64. Rc6 1/2-1/2


[Site "https://www.chess.com"]

[Event "Titled Tuesday Blitz February 21 Early 2023"]
[White "Todev, Simeon"]
[Black "Larina, Maria"]
[WhiteFideId "2925133"]
[BlackFideId "24113182"]
[WhiteElo "2033"]
[BlackElo "1948"]
[Result "1-0"]
[Round "05"]
[TimeControl "180+2"]
[Date "2023.02.21"]
[WhiteClock "0:00:04"]
[BlackClock "0:00:01"]

1. e4 c6 2. c4 d5 3. exd5 cxd5 4. Nc3 d4 5. Ne4 f5 6. Ng3 Nf6 7. Nf3 Nc6 8. Bd3 g6 9. O-O Bg7 10. Re1 O-O 11. a3 Re8 12. b4 Ng4 13. Bb2 e5 14. h3 Nh6 15. b5 Nb8 16. c5 e4 17. Bc4+ Kh8 18. Nh2 Be6 19. Bxe6 Rxe6 20. d3 Qe8 21. dxe4 fxe4 22. Bxd4 Nd7 23. Bxg7+ Kxg7 24. Nxe4 Nf6 25. Nxf6 Rxe1+ 26. Qxe1 Qxe1+ 27. Rxe1 Kxf6 28. Rd1 Nf5 29. Nf3 Rc8 30. Rd7 Rxc5 31. Rxb7 Rc1+ 32. Kh2 Rc2 33. Rxa7 Rxf2 34. b6 Rb2 35. b7 Nd6 36. Ra6 Ke7 37. Nd4 Nxb7 38. Ra7 Kf6 39. a4 Kg5 40. a5 Nc5 41. Rc7 1-0


[Site "https://www.chess.com"]

[Event "Titled Tuesday Blitz February 21 Early 2023"]
[White "Hernandez Bonilla, Amelia"]
[Black "Melikhov, Evgeny V."]
[WhiteFideId "3900193"]
[BlackFideId "4122046"]
[WhiteElo "1960"]
[BlackElo "2269"]
[Result "0-1"]
[Round "05"]
[TimeControl "180+2"]
[Date "2023.02.21"]
[WhiteClock "0:00:05"]
[BlackClock "0:01:02"]

1. d4 Nf6 2. Bf4 d5 3. e3 c5 4. Nf3 Nc6 5. Nbd2 cxd4 6. exd4 Bg4 7. c3 e6 8. Be2 h6 9. Qb3 Bd6 10. Bg3 Bxg3 11. hxg3 Qc7 12. O-O O-O 13. Rfe1 a6 14. Bd3 b5 15. Rac1 Rfc8 16. Bb1 Na5 17. Qd1 Nc4 18. Nxc4 bxc4 19. Qd2 Rab8 20. Ne5 Bf5 21. Bxf5 exf5 22. Rb1 Ne4 23. Qe3 Re8 24. Qc1 Re6 25. Kh2 Rbe8 26. f3 Nf2 27. Re2 Nd3 28. Nxd3 Rxe2 29. Nf4 Re1 30. Qc2 Rxb1 31. Qxb1 Qd7 0-1


[Site "https://www.chess.com"]

[Event "Titled Tuesday Blitz February 21 Early 2023"]
[White "Levine, David"]
[Black "Rios Escobar, Adan"]
[WhiteFideId "2011611"]
[BlackFideId "3403645"]
[WhiteElo "2040"]
[BlackElo "2234"]
[Result "0-1"]
[Round "05"]
[TimeControl "180+2"]
[Date "2023.02.21"]
[WhiteClock "0:00:06"]
[BlackClock "0:00:44"]

1. d4 Nf6 2. c4 g6 3. g3 c5 4. d5 b5 5. cxb5 a6 6. Nc3 axb5 7. Nxb5 Qa5+ 8. Nc3 Bg7 9. Bg2 d6 10. Bd2 Nfd7 11. Nf3 Nb6 12. O-O Nc4 13. Qc2 Nxd2 14. Nxd2 Ba6 15. Rfe1 Nd7 16. e4 O-O 17. f4 Rfb8 18. Bh3 Rxb2 19. Qxb2 Bxc3 20. Nb3 Bxb2 21. Nxa5 Bxa1 22. Rxa1 Nf6 23. Bg2 Bd3 24. Nc6 Bxe4 0-1


[Site "https://www.chess.com"]

[Event "Titled Tuesday Blitz February 21 Early 2023"]
[White "Novikova, Galina"]
[Black "Jaivardhan Raj"]
[WhiteFideId "4157095"]
[BlackFideId "25744437"]
[WhiteElo "2073"]
[BlackElo "1901"]
[Result "1-0"]
[Round "05"]
[TimeControl "180+2"]
[Date "2023.02.21"]
[WhiteClock "0:00:09"]
[BlackClock "0:00:06"]

1. e4 c5 2. Nf3 e6 3. b4 cxb4 4. a3 d5 5. e5 Nc6 6. axb4 Bxb4 7. c3 Ba5 8. d4 Nge7 9. Bd3 Qb6 10. O-O Ng6 11. Ba3 Nf4 12. Bc2 Qa6 13. Re1 Bd8 14. Nbd2 Qb6 15. Rb1 Qa5 16. Qc1 Qa6 17. Kh1 Bd7 18. Nb3 Ne2 19. Qd2 Nxc3 20. Qxc3 Qxa3 21. Ra1 Qb4 22. Qe3 Bb6 23. Qg5 Qe7 24. Qxg7 O-O-O 25. Nc5 Rdg8 26. Qh6 Bxc5 27. dxc5 Qxc5 28. Bd3 Qxf2 29. Re2 Qb6 30. Rb1 Nb4 31. Reb2 a5 32. Qd2 Kb8 33. Bf1 Bb5 34. Nd4 Bxf1 35. Rxf1 Rg4 36. Nc2 Rhg8 37. Ne3 Re4 38. Nc2 Reg4 39. Ne3 Re4 40. Nd1 Reg4 41. Rg1 Rd4 42. Qc1 Rc4 43. Qb1 Rcg4 44. Qxh7 Qd4 45. Qxf7 Qxe5 46. Nf2 Rh8 47. Nxg4 Qxb2 48. h3 Qd4 49. Qxe6 Nc6 50. Qd6+ Ka7 51. Rb1 Qxg4 52. Qc7 Rxh3+ 53. gxh3 Qxh3+ 54. Kg1 Qg3+ 55. Qxg3 Nd4 56. Qf2 b6 57. Qxd4 a4 58. Qxb6+ Ka8 59. Qb7# 1-0


[Site "https://www.chess.com"]

[Event "Titled Tuesday Blitz February 21 Early 2023"]
[White "Wickramasinghe, Minethma Lasandi"]
[Black "Smith, Garrett L"]
[WhiteFideId "9966170"]
[BlackFideId "2024829"]
[WhiteElo "1483"]
[BlackElo "2047"]
[Result "0-1"]
[Round "05"]
[TimeControl "180+2"]
[Date "2023.02.21"]
[WhiteClock "0:00:32"]
[BlackClock "0:00:56"]

1. d4 Nf6 2. c4 g6 3. Nc3 d5 4. cxd5 Nxd5 5. e4 Nxc3 6. bxc3 Bg7 7. g3 c5 8. Ne2 Bg4 9. Be3 Bf3 10. Rg1 Bxe4 11. Bg2 Bxg2 12. Rxg2 O-O 13. Rb1 Qd7 14. Qb3 Nc6 15. Qxb7 Qd5 16. Nf4 Qxa2 17. Rd1 cxd4 18. cxd4 Qa5+ 19. Kf1 Nb4 20. Qxe7 Qb5+ 21. Kg1 Rfe8 22. Qc5 Qxc5 23. dxc5 a5 24. Nd5 Nxd5 25. Rxd5 a4 26. Bd4 Re1# 0-1


[Site "https://www.chess.com"]

[Event "Titled Tuesday Blitz February 21 Early 2023"]
[White "Fries-Nielsen, Jens Ove"]
[Black "Winkels, Marcel"]
[WhiteFideId "1400142"]
[BlackFideId "1003887"]
[WhiteElo "2377"]
[BlackElo "1960"]
[Result "1-0"]
[Round "05"]
[TimeControl "180+2"]
[Date "2023.02.21"]
[WhiteClock "0:02:04"]
[BlackClock "0:00:21"]

1. e4 c5 2. Nf3 d6 3. Bb5+ Nd7 4. a4 a6 5. Bxd7+ Bxd7 6. a5 Nf6 7. d3 g6 8. Nc3 Bg7 9. Bg5 O-O 10. Qd2 Re8 11. O-O e6 12. e5 dxe5 13. Nxe5 Rc8 14. Ng4 e5 15. Nd5 Bxg4 16. Bxf6 Bxf6 17. Nb6 Rc6 18. Ra4 Be6 19. Re4 Bd5 20. Re2 Bg7 21. Rfe1 c4 22. d4 e4 23. c3 h6 24. f3 f5 25. Qf4 Qe7 26. Nxd5 Qd6 27. Qxd6 Rxd6 28. fxe4 fxe4 29. Ne3 h5 30. Nxc4 Rde6 31. d5 R6e7 32. Nd6 Rd8 33. Nxe4 Rxd5 34. Nf6+ Bxf6 35. Rxe7 Bxe7 36. Rxe7 Rb5 37. b4 Kf8 38. Rc7 g5 39. Kf2 h4 40. h3 Rf5+ 41. Ke3 Rb5 42. Ke4 Kg8 43. Rc5 Kf7 44. Rxb5 axb5 45. Kf5 Ke7 46. Kxg5 Kd6 47. Kxh4 Kd5 48. g4 Kc4 49. g5 Kxc3 50. g6 Kxb4 51. g7 Kxa5 52. g8=Q b4 53. Qb3 Kb5 54. Kg4 Kc5 55. h4 b5 56. h5 1-0


[Site "https://www.chess.com"]

[Event "Titled Tuesday Blitz February 21 Early 2023"]
[White "Topalov, Aleksandar"]
[Black "Castillo Pena, Patricia Evarista"]
[WhiteFideId "925659"]
[BlackFideId "6412106"]
[WhiteElo "2233"]
[BlackElo "1783"]
[Result "1-0"]
[Round "05"]
[TimeControl "180+2"]
[Date "2023.02.21"]
[WhiteClock "0:01:07"]
[BlackClock "0:00:15"]

1. b3 d5 2. Bb2 Nf6 3. Nf3 c5 4. e3 Nc6 5. Bb5 Bd7 6. O-O e6 7. d3 Bd6 8. Bxc6 bxc6 9. Ne5 O-O 10. f4 Rc8 11. Nd2 a5 12. a4 Be8 13. Rf3 Qc7 14. Rg3 Kh8 15. Rxg7 Kxg7 16. Ng4 d4 17. exd4 Nxg4 18. Qxg4+ Kh8 19. dxc5+ f6 20. cxd6 Qxd6 21. Ne4 Qe7 22. Qh4 Bg6 23. Bxf6+ Rxf6 24. Qxf6+ Qxf6 25. Nxf6 Kg7 26. Nd7 Rd8 27. Ne5 c5 28. g3 Bh5 29. Re1 Kf6 30. Nc4 Ra8 31. h3 Bf3 32. Kf2 Bd5 33. Nb6 Rd8 34. Nxd5+ Rxd5 35. Re4 Rh5 36. Kg2 Rd5 37. g4 h6 38. h4 Rd6 39. Kf3 Rc6 40. g5+ hxg5 41. hxg5+ Kf5 42. Re5+ Kg6 43. Kg4 1-0


[Site "https://www.chess.com"]

[Event "Titled Tuesday Blitz February 21 Early 2023"]
[White "Clawitter, Craig"]
[Black "Ziatdinov, Raset"]
[WhiteFideId "2023105"]
[BlackFideId "2015323"]
[WhiteElo "2050"]
[BlackElo "2101"]
[Result "0-1"]
[Round "05"]
[TimeControl "180+2"]
[Date "2023.02.21"]
[WhiteClock "0:00:07"]
[BlackClock "0:01:56"]

1. e4 c5 2. Nf3 Nc6 3. d4 cxd4 4. Nxd4 e5 5. Nb5 d6 6. N1c3 a6 7. Na3 b5 8. Nd5 Nge7 9. c4 Nd4 10. Nc2 Nxc2+ 11. Qxc2 Nxd5 12. exd5 Be7 13. cxb5 O-O 14. Bd2 Bb7 15. bxa6 Bxd5 16. Bd3 Bxg2 17. Rg1 e4 18. Rxg2 exd3 19. Qxd3 Bf6 20. Bc3 Re8+ 21. Kf1 d5 22. Rd1 Qb6 23. Qf3 Qxa6+ 24. Kg1 d4 25. Bd2 Qe2 26. Qxe2 Rxe2 27. f3 Rxg2+ 28. Kxg2 Rxa2 29. Bc1 h5 30. Kg3 Ra1 31. h4 d3 32. Re1 Bxb2 33. Bd2 Rxe1 34. Bxe1 Bc1 0-1


[Site "https://www.chess.com"]

[Event "Titled Tuesday Blitz February 21 Early 2023"]
[White "Bashirli, Saadat"]
[Black "Jimenez Jimenez, Leandro"]
[WhiteFideId "13429990"]
[BlackFideId "6415253"]
[WhiteElo "1571"]
[BlackElo "2146"]
[Result "0-1"]
[Round "05"]
[TimeControl "180+2"]
[Date "2023.02.21"]
[WhiteClock "0:00:02"]
[BlackClock "0:00:17"]

1. e4 e5 2. Nf3 Nc6 3. Bc4 Bc5 4. c3 Nf6 5. d3 a6 6. O-O d6 7. Bb3 Ba7 8. Nbd2 h6 9. Re1 O-O 10. Nf1 Re8 11. Ng3 Be6 12. Bxe6 fxe6 13. d4 exd4 14. cxd4 d5 15. e5 Nh7 16. Qd3 Rf8 17. Qg6 Qe8 18. Qg4 Kh8 19. Nh4 g5 20. Nf3 Qf7 21. Be3 Ne7 22. Qh5 Nf5 23. Qxf7 Rxf7 24. Nxf5 Rxf5 25. Rac1 c6 26. Nd2 Nf8 27. Nb3 Ng6 28. Na5 Rf7 29. Nb3 Nf4 30. Rc3 Rc8 31. Kf1 Kg7 32. Rec1 Ng6 33. Ke2 Ne7 34. g4 Ng6 35. Kd2 Nh4 36. Na5 Nf3+ 37. Kd3 Nxh2 0-1


[Site "https://www.chess.com"]

[Event "Titled Tuesday Blitz February 21 Early 2023"]
[White "Prudnykova, Olga"]
[Black "Sabar, Ethmane Daouda"]
[WhiteFideId "14121093"]
[BlackFideId "19600097"]
[WhiteElo "2268"]
[BlackElo "2040"]
[Result "1-0"]
[Round "05"]
[TimeControl "180+2"]
[Date "2023.02.21"]
[WhiteClock "0:00:45"]
[BlackClock "0:00:01"]

1. e4 e5 2. d4 exd4 3. Qxd4 Nc6 4. Qc4 Nf6 5. Nc3 Bb4 6. Bg5 Qe7 7. f3 h6 8. Bxf6 Qxf6 9. Ne2 O-O 10. O-O-O Bxc3 11. Nxc3 d6 12. Nd5 Qd8 13. g4 Be6 14. Qc3 Bxd5 15. exd5 Ne5 16. f4 Nxg4 17. Rg1 Nf6 18. Bd3 Re8 19. Rg3 Kh8 20. Rdg1 Rg8 21. a3 Qe7 22. Kb1 Rae8 23. Rh3 c6 24. dxc6 bxc6 25. Qxc6 Rc8 26. Qa4 d5 27. Rhg3 Rb8 28. Ka1 Qd6 29. Qd4 Rb6 30. Ka2 a5 31. b3 Rbb8 32. Re1 Qb6 33. Qxb6 Rxb6 34. Re7 Rf8 35. a4 d4 36. Re5 1-0


[Site "https://www.chess.com"]

[Event "Titled Tuesday Blitz February 21 Early 2023"]
[White "Suduvasachmatai"]
[Black "Buscar, Michael"]
[BlackFideId "2603616"]
[WhiteElo "2100"]
[BlackElo "2041"]
[Result "0-1"]
[Round "05"]
[TimeControl "180+2"]
[Date "2023.02.21"]
[WhiteClock "0:00:40"]
[BlackClock "0:00:32"]

1. e4 c5 2. c3 Nf6 3. e5 Nd5 4. d4 cxd4 5. cxd4 Nc6 6. Nc3 Nb6 7. Nf3 d5 8. Bb5 Bg4 9. h3 Bh5 10. Be3 Rc8 11. Rc1 a6 12. Bxc6+ Rxc6 13. O-O e6 14. Na4 Bxf3 15. gxf3 Rxc1 16. Bxc1 Be7 17. Qb3 Nxa4 18. Qxa4+ Qd7 19. Qxd7+ Kxd7 20. Be3 Rc8 21. Rc1 Rxc1+ 22. Bxc1 Kc6 23. Kf1 Kb5 24. Ke2 Kc4 25. Ke3 Bg5+ 26. f4 Bd8 27. Bd2 Bb6 28. b3+ Kb5 29. Kd3 Bd8 30. Ke3 f5 31. a4+ Kc6 32. Bb4 g6 33. Bf8 Ba5 34. Kd3 Be1 35. Ke2 Bc3 36. Kd3 Bb2 37. Bh6 b5 38. Bf8 Kb6 39. Bc5+ Ka5 40. axb5 Kxb5 41. Kc2 Ba1 42. f3 a5 43. Ba7 a4 44. bxa4+ Kxa4 45. Bc5 Kb5 46. Ba7 Kc4 47. Bb8 Bxd4 48. Kd2 Bc3+ 49. Ke2 d4 50. h4 d3+ 51. Ke3 Bd4+ 52. Kd2 Bf2 53. h5 gxh5 0-1


[Site "https://www.chess.com"]

[Event "Titled Tuesday Blitz February 21 Early 2023"]
[White "Simonovic, Miroslav"]
[Black "Eynullayev, Atilla"]
[WhiteFideId "919152"]
[BlackFideId "13413570"]
[WhiteElo "2082"]
[BlackElo "2281"]
[Result "1/2-1/2"]
[Round "05"]
[TimeControl "180+2"]
[Date "2023.02.21"]
[WhiteClock "0:00:16"]
[BlackClock "0:00:03"]

1. d4 Nf6 2. Bg5 d5 3. Bxf6 gxf6 4. e3 c5 5. c4 cxd4 6. Qxd4 Qa5+ 7. Nc3 dxc4 8. Bxc4 Nc6 9. Qd5 e6 10. Qxa5 Nxa5 11. Bb5+ Bd7 12. Bxd7+ Kxd7 13. O-O-O+ Kc6 14. Nge2 Rc8 15. Kb1 b6 16. Ne4 Be7 17. b4 Nc4 18. Nd4+ Kb7 19. Nc2 f5 20. Nd2 Nd6 21. f3 Nb5 22. Kb2 Bf6+ 23. Nd4 Nxd4 24. exd4 Bxd4+ 25. Kb1 Bf6 26. Nb3 Rc7 27. Rd3 Rhc8 28. Rc1 Rxc1+ 29. Nxc1 Rc7 30. a3 Kc8 31. Ne2 Rd7 32. Rxd7 Kxd7 33. Kc2 Kd6 34. a4 Be5 35. Kd3 h5 36. h3 Kd5 37. Nc1 Bb2 38. Nb3 f6 39. Nd2 Ba3 40. Kc3 Bc1 41. Nc4 Bf4 42. a5 b5 43. Na3 a6 44. Nc2 Be5+ 45. Kd3 Bd6 46. Ne3+ Ke5 47. Nc2 Kf4 48. Nd4 Kg3 49. Nxe6 Kxg2 50. Ng7 Kxf3 51. Nxh5 Bxb4 52. Nxf6 Bxa5 53. h4 Bd8 54. Nd5 Bxh4 55. Nc7 b4 56. Nxa6 Be7 57. Nc7 f4 58. Nd5 Bd6 59. Nf6 Kg2 60. Ne4 Be7 61. Nd2 f3 62. Ne4 Bf8 63. Ke3 b3 64. Kd3 f2 65. Nxf2 Kxf2 66. Kc3 Ke3 67. Kxb3 1/2-1/2


[Site "https://www.chess.com"]

[Event "Titled Tuesday Blitz February 21 Early 2023"]
[White "Davidson, Kevin"]
[Black "Tarnowska, Aleksandra"]
[WhiteFideId "2056810"]
[BlackFideId "1180967"]
[WhiteElo "2154"]
[BlackElo "1835"]
[Result "0-1"]
[Round "05"]
[TimeControl "180+2"]
[Date "2023.02.21"]
[WhiteClock "0:00:01"]
[BlackClock "0:00:03"]

1. e4 c5 2. Nf3 e6 3. d4 cxd4 4. Nxd4 a6 5. Nc3 Qc7 6. g3 Nf6 7. Bg2 d6 8. O-O Be7 9. f4 O-O 10. g4 Nc6 11. Nb3 Rd8 12. g5 Nd7 13. Rf3 Nf8 14. f5 Ne5 15. Rg3 exf5 16. Nd5 Qd7 17. Nb6 Qc6 18. Nxa8 fxe4 19. Be3 Nc4 20. Bd4 Bf5 21. Qf1 Bg6 22. Rc3 b5 23. Nd2 Rxa8 24. Nxc4 bxc4 25. Rxc4 Qd5 26. Rd1 Qxg5 27. Rc7 Bd8 28. Rb7 Ne6 29. Kh1 d5 30. Bf2 Bf6 31. Bg3 Rd8 32. Ra7 Qh5 33. Rxa6 d4 34. Rb6 e3 35. Rb3 e2 0-1


[Site "https://www.chess.com"]

[Event "Titled Tuesday Blitz February 21 Early 2023"]
[White "Sarkar, Justin"]
[Black "kiwibobo"]
[WhiteFideId "2010011"]
[WhiteElo "2309"]
[BlackElo "2140"]
[Result "0-1"]
[Round "05"]
[TimeControl "180+2"]
[Date "2023.02.21"]
[WhiteClock "0:00:01"]
[BlackClock "0:01:02"]

1. e4 e5 2. f4 exf4 3. Nf3 g5 4. h4 g4 5. Ne5 d6 6. Nxg4 Nf6 7. Nf2 Bh6 8. d4 Rg8 9. Nc3 Nc6 10. Nd5 Ng4 11. Nxg4 Bxg4 12. Qd3 Bg7 13. c3 Bf6 14. Bxf4 Bxh4+ 15. g3 Be7 16. Rxh7 Qd7 17. Be2 O-O-O 18. O-O-O Be6 19. Rf1 Bg5 20. Bxg5 Rxg5 21. Nf6 Qe7 22. d5 Ne5 23. Qe3 Rg6 24. dxe6 Rxf6 25. Rxf6 Qxf6 26. exf7 Qg6 27. Qh6 Qxh6+ 28. Rxh6 Nxf7 29. Rh7 Ne5 30. g4 Rg8 31. Rh4 Kd7 32. Kd2 Ke6 33. Ke3 Kf6 34. Rh7 Nf7 35. Kf4 Ng5 36. Rxc7 Ne6+ 37. Ke3 Nxc7 38. Bc4 Rxg4 0-1


[Site "https://www.chess.com"]